 Dungeon Crawl Stone Soup version 0.16-a0-1029-gdfc7942 (webtiles) character file.

441 Psiweapon the Insei (level 7, 0/32 HPs)
             Began as a Vine Stalker Transmuter on Oct 4, 2014.
             Slain by Dowan
             ... wielding a +0 dagger
              (5 damage)
             ... on level 4 of the Dungeon.
             The game lasted 00:11:40 (2079 turns).

Psiweapon the Insei (Vine Stalker Transmuter)       Turns: 2079, Time: 00:11:40

HP   0/32        AC  0     Str 13      XL: 7   Next:  2%
MP   0/17        EV 14     Int 13      God:
Gold 211         SH  0     Dex 16      Spells:  2 memorised,  6 levels left

rFire  . . .     SeeInvis .       - Unarmed
rCold  . . .     Clarity  .     j - melded +0 leather armour
rNeg   . . .     rCorr    .     (shield currently unavailable)
rPois  .         rRot     +     h - melded +1 helmet
rElec  .         Spirit   +     g - melded +2 cloak
SustAb .         Warding  .     (gloves currently unavailable)
rMut   .         Stasis   .     (boots currently unavailable)
Gourm  .                        (no amulet)
MR     .....                    (ring currently unavailable)
                                (ring currently unavailable)

@: about to teleport, pig-form (expiring), very slightly contaminated, very
quick, not resistant to hostile enchantments, very unstealthy
A: (fangs 0), regeneration 2, magic shield, (antimagic bite), no device heal 3,
rot immunity
a: no special abilities


You were on level 4 of the Dungeon.
You were very hungry.
You were a filthy swine.
You visited 1 branch of the dungeon, and saw 4 of its levels.

You collected 211 gold pieces.

Inventory:

Hand weapons
 D - a +2 dagger of holy wrath
Missiles
 b - 31 arrows
 k - 7 poisoned needles
Armour
 c - a +0 robe
 g - a +2 cloak (melded)
 h - a +1 helmet (melded)
 j - a +0 leather armour (melded)
 o - a +0 buckler
Comestibles
 a - 4 bread rations
 q - 2 slices of pizza
 t - 2 beef jerkies
 z - a meat ration
Scrolls
 l - a scroll of immolation {unknown}
 m - a scroll of teleportation
 n - a scroll of recharging {unknown}
 p - 5 scrolls of identify {unknown}
 r - 4 scrolls of amnesia {unknown}
 x - 2 scrolls of enchant armour {unknown}
 y - 2 scrolls of remove curse {unknown}
 C - a scroll of magic mapping {unknown}
Jewellery
 s - an uncursed amulet of resist corrosion
 w - an uncursed amulet of stasis
 B - a cursed ring of teleportation {unknown}
Potions
 e - a potion of porridge
 u - 3 potions of heal wounds {unknown}
 A - a potion of agility {unknown}
 E - a potion of cure mutation {unknown}
Books
 d - a book of Changes

   Spells                             Type                      Level
   *Beastly Appendage                 Transmutation                1
   Sticks to Snakes                   Transmutation                2
   Spider Form                        Transmutation/Poison         3
   Ice Form                           Ice/Transmutation            4
   *Blade Hands                       Transmutation                5
 v - a book of Envenomations

   Spells                             Type                      Level
   Spider Form                        Transmutation/Poison         3
   Alistair's Intoxication            Transmutation/Poison         4
   Olgreb's Toxic Radiance            Poison                       4
   Poisonous Cloud                    Conjuration/Poison/Air       6


   Skills:
 - Level 0.8 Fighting
 - Level 1.5 Dodging
 + Level 6.4 Unarmed Combat
 + Level 3.4 Spellcasting
 + Level 3.6 Transmutations


You had 6 spell levels left.
You knew the following spells:

 Your Spells              Type           Power        Failure   Level  Hunger
a - Beastly Appendage     Trmt           ##....       8%          1    #......
b - Blade Hands           Trmt           ##........   98%         5    ######.


Dungeon Overview and Level Annotations

Branches:
Dungeon (4/15)
 Temple: D:4-7

Altars:
Sif Muna
Trog
Zin

Annotations:
D:4 Dowan, Duvessa, Menkaure


Innate Abilities, Weirdness & Mutations

((You have extremely sharp teeth.))
You heal very quickly.
When hurt, damage is shared between your health and your magic reserves.
((Your bite disrupts and absorbs the magic of your enemies.))
Potions and wands cannot restore your health.
You are immune to rotting.


Message History

Menkaure is moderately damaged.
Your transformation is almost over.
Menkaure misses you.
You hit Menkaure. You bite Menkaure, but do no damage.
Menkaure is heavily damaged.
Your surroundings suddenly seem different.
Dowan, Brother of Duvessa comes into view.
He is wielding a dagger.
Dowan shouts!
Found an encrusted ivory ring.
Found a stone staircase leading up.
Duvessa, Sister of Dowan comes into view.
She is wielding a cutlass.
Read which item? (? for menu, Esc to quit)
As you read the scroll of teleportation, it crumbles to dust.
You feel strangely unstable. Dowan hits you with a dagger.
* * * LOW HITPOINT WARNING * * *
You closely miss Dowan. You bite Dowan, but do no damage.
Dowan hits you with a dagger.
You hit Dowan.
Dowan is lightly wounded.
Dowan hits you with a dagger.
You die...

...............#.####
##.#.#.##.....##.#
........##.....##.#
...................#
#.....######.######
#.....# #.# #.#.....#
#.# #.......# #+# #h#
#<....ee.# .......##
....... .......
#....# #..# .#


You could see Duvessa and Dowan.

Vanquished Creatures
  Grinder (D:4)
  A hound (D:4)
  Natasha (D:4)
  4 adders
  4 gnolls (D:2)
  A giant mite (D:1)
  2 worms (D:2)
  3 giant geckos (D:3)
  2 oozes
  5 giant cockroaches
  8 hobgoblins
  A quokka (D:2)
  3 ball pythons
  6 bats
  6 giant newts
  7 goblins
  5 kobolds
  14 rats
74 creatures vanquished.

Notes
Turn   | Place    | Note
--------------------------------------------------------------
     0 | D:1      | Psiweapon, the Vine Stalker Transmuter, began the quest for the Orb.
     0 | D:1      | Reached XP level 1. HP: 9/9 MP: 3/3
   222 | D:1      | Reached XP level 2. HP: 14/14 MP: 3/5
   525 | D:1      | Reached skill level 4 in Unarmed Combat
   676 | D:1      | Reached XP level 3. HP: 17/17 MP: 7/7
   763 | D:2      | Found a deep blue altar of Sif Muna.
   830 | D:2      | Reached XP level 4. HP: 21/21 MP: 8/8
   907 | D:2      | Reached skill level 5 in Unarmed Combat
   977 | D:2      | Found a bloodstained altar of Trog.
  1121 | D:2      | Reached XP level 5. HP: 22/25 MP: 11/11
  1316 | D:3      | Learned a level 5 spell: Blade Hands
  1412 | D:3      | Found a glowing silver altar of Zin.
  1413 | D:3      | Noticed an angel
  1822 | D:4      | Noticed Natasha
  1831 | D:4      | Killed Natasha
  1994 | D:4      | Noticed Grinder
  2003 | D:4      | Killed Grinder
  2003 | D:4      | Reached skill level 6 in Unarmed Combat
  2003 | D:4      | Gained mutation: You heal very quickly. [vine stalker growth]
  2003 | D:4      | Reached XP level 6. HP: 22/29 MP: 5/15
  2057 | D:4      | Reached XP level 7. HP: 32/32 MP: 13/17
  2061 | D:4      | Noticed Menkaure
  2076 | D:4      | Noticed Dowan
  2077 | D:4      | Noticed Duvessa
  2079 | D:4      | Slain by Dowan

Action                   |  1- 3 |  4- 6 |  7- 9 || total
-------------------------+-------+-------+-------++-------
Melee: Unarmed           |   104 |   106 |     6 ||   216
 Cast: Beastly Appendage |    22 |    13 |       ||    35
       Blade Hands       |       |     1 |       ||     1
  Use: Potion            |       |     2 |       ||     2
       Scroll            |       |       |     2 ||     2
 Stab: Sleeping          |       |     2 |       ||     2
  Eat: Chunk             |       |     4 |       ||     4
